 Dungeon Crawl Stone Soup version 0.28.0-43-g3370ac3207 (webtiles) character file.

Game seed: 82985367319620385

188274 RepoMan the Executioner (level 17, -8/252 HPs)
             Began as a Minotaur Hunter on Mar 6, 2022.
             Was a Believer of Yredelemnul.
             Hit by a javelin thrown by a merfolk javelineer (11 damage)
             ... on level 4 of the Shoals.
             The game lasted 05:01:55 (34753 turns).

RepoMan the Executioner (Minotaur Hunter)          Turns: 34753, Time: 05:01:56

Health: -8/252     AC: 28    Str: 24    XL:     17   Next: 47%
Magic:  17/23      EV:  2    Int:  8    God:    Yredelemnul [**....]
Gold:   1306       SH:  5    Dex: 15    Spells: 15/16 levels left

rFire   + . .      SeeInvis .   g - +3 executioner's axe (flame)
rCold   x . .      Faith    .   (shield currently unavailable)
rNeg    . . .      Spirit   .   (armour currently unavailable)
rPois   +          Reflect  +   (helmet currently unavailable)
rElec   .          Harm     .   (cloak currently unavailable)
rCorr   +          Rampage  .   (gloves currently unavailable)
Will    +....      NoTele   +   (boots currently unavailable)
Stlth   +++.......              k - amulet of Naoshiul {Reflect rCorr Str+3 SH+5 Stlth+}
HPRegen 0.52/turn               a - ring "Zogixusa" {Fly rPois rF+ rC- rCorr}
MPRegen 0.18/turn               z - +4 ring of slaying

@: tree-form, attractive, very slow
A: stationary, stasis, torment immunity, boosted hp, (horns 2), (retaliatory
headbutt)
}: 1/15 runes: barnacled
a: Renounce Religion, Recall Undead Harvest, Dark Bargain


You were on level 4 of the Shoals.
You worshipped Yredelemnul.
Yredelemnul was aware of your devotion.
You were a tree.
You visited 5 branches of the dungeon, and saw 29 of its levels.

You collected 2398 gold pieces.
You spent 1092 gold pieces at shops.

Inventory:

Hand Weapons
 b - a +3 shortbow of flaming
 e - a +2 battleaxe of freezing
 g - a +3 executioner's axe of flaming (weapon)
 l - a +2 vorpal spear
 t - a +2 war axe of electrocution
 H - a +0 battleaxe
 V - a +0 vorpal longbow
Missiles
 d - 255 arrows
 h - a throwing net
 A - 13 javelins (quivered)
 G - 7 curare-tipped darts
Armour
 f - a +4 plate armour of cold resistance (melded)
 o - a +2 kite shield of cold resistance
 q - a +0 pair of boots (melded)
 y - a +0 scale mail
 E - a +0 pair of gloves (melded)
 W - the +0 cloak of Wu Jian's Indignation (melded) {rElec}
   (You bought it in a shop on level 2 of the Orcish Mines)

   rElec:     It insulates you from electricity.
 X - a +2 leather armour of fire resistance
Jewellery
 a - the ring "Zogixusa" (left branch) {Fly rPois rF+ rC- rCorr}
   (You bought it in a shop on level 2 of the Orcish Mines)

   [ring of protection from fire]

   rF:        It protects you from fire.
   rC:        It makes you vulnerable to cold.
   rPois:     It protects you from poison.
   Fly:       It grants you flight.
   rCorr:     It protects you from acid and corrosion.
 k - the amulet of Naoshiul (around neck) {Reflect rCorr Str+3 SH+5 Stlth+}
   (You acquired it on level 9 of the Dungeon)

   [amulet of reflection]

   It reflects blocked missile attacks.
   Str:       It affects your strength (+3).
   rCorr:     It protects you from acid and corrosion.
   SH:        It affects your SH (+5).
   Stlth:     It makes you more stealthy.
 p - a ring of positive energy
 z - a +4 ring of slaying (right branch)
Wands
 i - a wand of acid (5)
 F - a wand of digging (9)
 M - a wand of flame (41)
 O - a wand of paralysis (2)
Scrolls
 m - 6 scrolls of vulnerability
 s - a scroll of amnesia
 u - 3 scrolls of immolation
 v - 5 scrolls of teleportation
 x - a scroll of torment
 B - 7 scrolls of magic mapping
 C - 4 scrolls of enchant armour
 D - a scroll of brand weapon
Potions
 w - 3 potions of flight
 I - 2 potions of attraction
 N - 5 potions of mutation
 Q - 3 potions of brilliance
 R - 5 potions of cancellation
 T - a potion of magic
Miscellaneous
 c - a box of beasts (inert)


   Skills:
 + Level 19.0 Fighting
 * Level 22.2 Axes
 - Level 14.0 Bows
 + Level 13.1 Armour
 - Level 9.7 Dodging
 - Level 0.7 Stealth
 + Level 10.1 Invocations


You had 15 spell levels left.
You knew the following spells:

 Your Spells              Type           Power      Damage    Failure   Level
g - Apportation           Tloc           0%         N/A       41%         1

Your spell library contained the following spells:

 Spells                   Type           Power      Damage    Failure   Level
 Animate Skeleton         Necr           0%         N/A       41%         1
 Freeze                   Ice            0%         1d3       41%         1
 Magic Dart               Conj           0%         1d3       41%         1
 Pain                     Necr           0%         1d4       41%         1
 Summon Small Mammal      Summ           0%         N/A       41%         1
 Ensorcelled Hibernation  Hex/Ice        0%         N/A       54%         2
 Passwall                 Tmut/Erth      0%         N/A       54%         2
 Searing Ray              Conj           0%         2d4       54%         2
 Sublimation of Blood     Necr           0%         N/A       54%         2
 Call Canine Familiar     Summ           0%         N/A       78%         3
 Frozen Ramparts          Ice            0%         1d2       78%         3
 Ozocubu's Armour         Ice            0%         N/A       78%         3
 Portal Projectile        Hex/Tloc       0%         N/A       78%         3
 Stone Arrow              Conj/Erth      0%         3d7       78%         3
 Summon Guardian Golem    Hex/Summ       0%         N/A       78%         3
 Swiftness                Air            0%         N/A       78%         3
 Vampiric Draining        Necr           0%         2d6       78%         3
 Animate Armour           Summ/Erth      0%         N/A       99%         4
 Fulminant Prism          Conj/Hex       0%         3d6       99%         4
 Hailstorm                Conj/Ice       0%         3d3       99%         4
 Iskenderun's Mystic Bla  Conj/Tloc      0%         2d3       99%         4
 Leda's Liquefaction      Hex/Erth       0%         N/A       99%         4
 Petrify                  Tmut/Erth      0%         N/A       99%         4
 Agony                    Necr           0%         N/A       100%        5
 Alistair's Intoxication  Tmut/Pois      0%         N/A       100%        5
 Borgnjor's Vile Clutch   Necr/Erth      0%         N/A       100%        5
 Excruciating Wounds      Necr           0%         N/A       100%        5
 Irradiate                Conj/Tmut      0%         3d13      100%        5
 Lee's Rapid Deconstruct  Erth           0%         3d5*      100%        5
 Metabolic Englaciation   Hex/Ice        0%         N/A       100%        5
 Conjure Ball Lightning   Conj/Air       0%         3x3d6     100%        6
 Eringya's Noxious Bog    Tmut/Pois      0%         N/A       100%        6
 Simulacrum               Ice/Necr       0%         N/A       100%        6
 Statue Form              Tmut/Erth      0%         N/A       100%        6
 Borgnjor's Revivificati  Necr           0%         N/A       100%        8
 Discord                  Hex            0%         N/A       100%        8
 Disjunction              Tloc           0%         N/A       100%        8
 Lehudib's Crystal Spear  Conj/Erth      0%         10d2      100%        8
 Necromutation            Tmut/Necr      0%         N/A       100%        8
 Death's Door             Necr           0%         N/A       100%        9


Dungeon Overview and Level Annotations

Branches:
Dungeon (15/15)            Temple (0/1) D:6            Lair (6/6) D:8
 Shoals (4/4) Lair:4        Snake (2/4) Lair:2        Slime (0/5) Lair:6
    Orc (2/2) D:9             Elf (0/3) Orc:2        Vaults (0/5) D:14
 Depths: D:15

Altars:
Ashenzari
Elyvilon
Makhleb
Okawaru
Ru
Sif Muna
Trog
Vehumet
Xom
Yredelemnul
The Shining One
Beogh
Jiyva

Shops:
D:14 (   Orc:2 [*[(=

Annotations:
D:3 exclusion: downstairs
D:6 exclusion: downstairs
D:8 exclusion: 2 doors
D:11 exclusion: downstairs
D:14 Louise
D:15 Azrael
Lair:1 exclusion: downstairs
Snake:2 Vashnia


Innate Abilities, Weirdness & Mutations

You are a tree.
Your roots penetrate the ground, keeping you stationary.
You cannot be teleported.
You are immune to unholy pain and torment.
Your maximum health is greatly increased.
Your equipment is partially melded.
((You have a pair of horns on your head.))
((You reflexively headbutt those who attack you in melee.))


Message History

Press: ? - help, v - describe, . - travel
Here: a merfolk avatar (severely wounded, mesmerising) Some shallow water.
Unknown command.
Unknown command.
Unknown command.
You feel better.
The merfolk javelineer throws a javelin.
The javelin pierces through your bound alligator snapping turtle!!
The javelin pierces through you!
* * * LOW HITPOINT WARNING * * *
The merfolk avatar chants its luring song.
Unknown command.
You carve the merfolk avatar like a ham!!!
You burn the merfolk avatar.
You break out of your daze!
You kill the merfolk avatar!
The drowned soul returns to the deep! x2
The merfolk javelineer throws a javelin.
The javelin pierces through your bound alligator snapping turtle but does no damage.
The javelin pierces through you!
* * * LOW HITPOINT WARNING * * *
Unknown command.
Unknown command.
Okay, then.
Unknown command.
Unknown command.
Unknown command.
Unknown command.
Okay, then.
Unknown command.
Unknown command.
Unknown command.
As you read the scroll of torment, it crumbles to dust.
You feel a surge of unholy energy.
The merfolk javelineer convulses!
The merfolk javelineer throws a javelin.
The javelin pierces through your bound alligator snapping turtle!
The javelin pierces through you!
You die...
Your body rises from the dead as a mindless zombie.

▒▒ ▒▒ ▒▒≈▒ ▒≈ ▒≈≈≈§≈≈
.... ≈≈≈≈≈≈≈≈▒ ▒≈▒≈▒≈
.... ≈≈≈≈≈≈≈≈▒▒ ≈≈[≈§
≈≈... ≈≈≈≈≈≈≈≈▒▒≈≈▒≈▒≈▒▒
≈≈..≈ ≈≈≈≈≈≈≈≈≈▒≈≈≈≈mZ♣▒
≈≈≈..▒
≈≈≈≈≈≈≈≈▒▒▒≈≈≈▒≈Z▒▒≈≈..▒
≈≈≈≈≈≈≈≈≈≈▒▒▒▒▒▒▒≈≈≈..▒
≈≈≈≈≈≈≈...▒≈▒≈≈≈(≈....▒
≈≈≈≈≈≈................▒
≈≈≈≈≈≈................▒
≈≈≈≈≈≈≈...............▒
▒▒▒≈≈≈≈...............▒
▒ ▒▒▒≈≈≈................


You could see a merfolk javelineer, a friendly bound alligator snapping turtle
and a friendly snapping turtle zombie.

Vanquished Creatures
  Rupert (D:12)
  Polyphemus (Shoals:4)
  2 orc warlords (Orc:1)
  A frost giant (Shoals:4)
  Aizul (Snake:1)
  A stone giant (Orc:2)
  2 merfolk javelineers
  2 ettins (Orc:2)
  Snorg (D:13)
  A yaktaur captain (D:14)
  4 hydras
  Harold (Lair:1)
  10 merfolk impalers
  3 naga warriors
  2 merfolk aquamancers
  7 merfolk avatars
  2 catoblepae
  2 centaur warriors
  7 two-headed ogres
  5 anacondas (Snake:1)
  A satyr (Shoals:4)
  9 death yaks
  A shock serpent (Snake:2)
  2 naga sharpshooters
  An orc high priest (Orc:2)
  3 sea snakes
  A naga ritualist (Snake:1)
  A skeletal warrior (D:13)
  A deep troll (Orc:2)
  2 wizards (D:14)
  10 harpies
  Pikel (D:7)
  An orc knight (Orc:2)
  2 lindwurms
  3 orc sorcerers
  2 mana vipers (Snake:1)
  An ugly thing (D:12)
  11 cyclopes
  3 oklob plants
  10 fauns
  6 salamanders (Snake:2)
  5 slime creatures
  7 merfolk sirens
  6 manticores
  6 elephants
  10 black mambas
  A water nymph (Shoals:1)
  6 naga magi
  2 yaktaurs (D:14)
  5 cane toads
  2 rime drakes
  2 freezing wraiths
  An unseen horror (D:13)
  8 kobold demonologists
  2 meliai (D:14)
  8 komodo dragons
  3 polar bears
  13 merfolk
  3 trolls
  3 wind drakes
  A hornet (Lair:6)
  11 dream sheep
  3 blink frogs (Lair:4)
  5 centaur simulacra
  9 snapping turtles
  Sigmund (D:4)
  2 wraiths
  A vampire (D:14)
  4 wyverns
  7 water elementals
  40 yaks
  3 basilisks
  2 steam dragons
  4 wargs
  3 acid dragons
  12 nagas
  12 water moccasins
  Duvessa (D:7)
  2 ice beasts (D:10)
  2 necrophages
  12 orc warriors
  27 wolves
  2 centaurs
  4 ogres
  2 lemures (D:7)
  A phantom (D:4)
  6 kobold brigands
  4 gnoll sergeants
  10 bullfrogs
  3 scorpions
  A wyvern zombie (D:6)
  Dowan (D:7)
  A water moccasin skeleton (D:6)
  2 electric eels
  4 wights
  3 howler monkeys (D:8)
  2 jellies
  A centaur zombie (D:7)
  25 orc priests
  2 hounds
  2 centaur skeletons (D:7)
  2 bullfrog skeletons
  7 iguanas
  2 hell rats (D:8)
  17 orc wizards
  A killer bee zombie (D:8)
  A hound zombie (D:5)
  A howler monkey zombie (D:7)
  12 gnolls
  2 howler monkey skeletons
  9 adders
  A river rat (D:8)
  2 shadow imps
  5 white imps
  An ufetubus (D:5)
  3 worms
  2 dart slugs
  75 orcs
  2 ball pythons (D:1)
  10 endoplasms
  6 goblins
  4 hobgoblins
  6 quokkas
  4 bats
  2 frilled lizards
  19 kobolds
  10 rats
  A plant (Shoals:4)
  3 tentacles (Shoals:1)
671 creatures vanquished.

Vanquished Creatures (collateral kills)
  A kraken (Shoals:1)
  Roxanne (Shoals:1)
  A fenstrider witch (Shoals:4)
  An ettin (Orc:2)
  A merfolk javelineer (Shoals:4)
  2 merfolk impalers (Shoals:1)
  A salamander tyrant (Snake:2)
  A boulder beetle (D:11)
  A naga warrior (Snake:1)
  5 hydras
  An alligator snapping turtle (Shoals:4)
  A catoblepas (D:13)
  An ogre mage (Orc:1)
  2 anacondas (Snake:1)
  2 merfolk aquamancers
  2 merfolk avatars
  2 two-headed ogres
  8 death yaks
  2 skeletal warriors (D:13)
  2 naga ritualists (Snake:1)
  4 sea snakes
  6 harpies
  A wolf spider (Lair:4)
  6 manticores
  4 mana vipers (Snake:1)
  12 fauns
  A salamander (Snake:1)
  2 elephants (Lair:6)
  4 merfolk sirens (Shoals:1)
  8 black mambas
  A water nymph (Shoals:4)
  2 naga magi (Snake:1)
  8 cane toads
  3 rime drakes (Lair:6)
  4 komodo dragons
  10 merfolk
  2 trolls
  2 polar bears
  3 wind drakes
  2 snapping turtles (Shoals:2)
  5 blink frogs
  2 slime creatures (D:12)
  6 dream sheep
  A wraith (D:11)
  10 yaks
  A vampire (D:11)
  A warg (Orc:1)
  3 nagas (Snake:1)
  A water moccasin (Lair:6)
  2 orc warriors
  An ice beast (D:7)
  An ogre (Orc:1)
  2 wolves
  A lemure (D:7)
  A kobold brigand (D:9)
  A lava snake (Lair:3)
  A howler monkey (D:8)
  A centaur zombie (D:6)
  3 gnolls
  An ufetubus (D:10)
  6 orcs
  2 kobolds
176 creatures vanquished.

Vanquished Creatures (others)
  A merfolk impaler (Shoals:2)
  A spectral death yak (D:13)
  An anaconda zombie (Snake:1)
  A frost giant zombie (Shoals:4)
  An ugly thing zombie (D:12)
  A shock serpent zombie (Snake:2)
  2 sea snake zombies
  A spectral mana viper (Snake:1)
  7 harpy zombies
  16 merfolk zombies
  A meliai zombie (D:14)
  2 black mamba zombies (Snake:2)
  A spectral snapping turtle (Shoals:4)
  A wind drake zombie (Shoals:3)
  3 faun zombies
  A human zombie (D:14)
  An orc warrior (Orc:1)
  A hornet zombie (Lair:6)
  A snapping turtle zombie (Shoals:4)
  2 manticore zombies
  A dream sheep zombie (Lair:6)
  A rime drake zombie (Lair:6)
  A yaktaur zombie (D:14)
  2 komodo dragon zombies
  A salamander zombie (Snake:2)
  A wyvern zombie (Lair:6)
  A troll zombie (D:13)
  4 water moccasin zombies
  A cyclops zombie (D:14)
  2 spectral orcs
  A polar bear zombie (Lair:6)
  2 yak zombies (D:12)
  5 wolf zombies
  A centaur zombie (D:12)
  A bullfrog zombie (Lair:1)
  A basilisk zombie (Lair:6)
  6 naga zombies (Snake:2)
  An ogre zombie (Orc:1)
  An elf zombie (D:7)
  A steam dragon zombie (Lair:6)
  An iguana zombie (D:7)
  An orc (Orc:1)
  2 gnoll zombies
  A river rat zombie (D:8)
  9 kobold zombies
  40 orc zombies
  2 quokka zombies (D:8)
  A rat zombie (D:8)
  62 fungi
  220 plants
  3 tentacles (Shoals:1)
  2 withered plants (D:12)
425 creatures vanquished.

Grand Total: 1272 creatures vanquished

Notes
Turn   | Place    | Note
-------+----------+-------------------------------------------
     0 | D:1      | RepoMan the Minotaur Hunter began the quest for the Orb.
     0 | D:1      | Reached XP level 1. HP: 18/18 MP: 0/0
   391 | D:1      | Reached XP level 2. HP: 25/25 MP: 1/1
   536 | D:1      | Reached skill level 5 in Bows
   832 | D:2      | Reached XP level 3. HP: 31/31 MP: 2/2
  1404 | D:2      | Found a faded altar of an unknown god.
  1724 | D:3      | Found a white marble altar of Elyvilon.
  1809 | D:3      | Reached XP level 4. HP: 38/38 MP: 3/3
  2185 | D:4      | Noticed a necrophage
  2389 | D:4      | Noticed a phantom
  2455 | D:4      | You fall into a shaft and drop 3 floors!
  2455 | D:7      | Noticed Pikel
  2455 | D:7      | Noticed a lemure
  2455 | D:7      | Noticed a lemure
  2455 | D:7      | Noticed a lemure
  2457 | D:7      | Noticed a lemure
  2466 | D:7      | Noticed a bullfrog
  2507 | D:7      | Noticed a kobold brigand
  2511 | D:7      | Noticed a bullfrog
  2513 | D:7      | Noticed an ice beast
  2514 | D:7      | Noticed a scorpion
  2514 | D:7      | Noticed Dowan
  2515 | D:7      | Killed a bullfrog
  2735 | D:6      | Noticed a water moccasin
  2749 | D:6      | Killed a water moccasin
  2750 | D:6      | Reached XP level 5. HP: 41/47 MP: 2/4
  2752 | D:6      | Reached XP level 6. HP: 49/55 MP: 2/5
  2759 | D:6      | Reached skill level 5 in Fighting
  2782 | D:5      | Entered Level 5 of the Dungeon
  3329 | D:5      | Reached XP level 7. HP: 61/61 MP: 6/6
  3860 | D:4      | Noticed Sigmund
  3870 | D:4      | Killed Sigmund
  3871 | D:4      | Reached XP level 8. HP: 71/71 MP: 7/7
  3961 | D:4      | Found a basalt altar of Yredelemnul.
  3966 | D:4      | Became a worshipper of Yredelemnul the Dark
  4272 | D:5      | Reached * piety under Yredelemnul
  4299 | D:5      | Reached skill level 10 in Bows
  4405 | D:5      | Found a burning altar of Makhleb.
  4405 | D:5      | Noticed an Executioner
  4409 | D:5      | Noticed a smoke demon
  4409 | D:5      | Noticed an orange demon
  4453 | D:5      | Found a glowing golden altar of the Shining One.
  4453 | D:5      | Found a shimmering altar of Xom.
  4453 | D:5      | Found a sacrificial altar of Ru.
  4453 | D:5      | Found a shimmering blue altar of Sif Muna.
  4460 | D:5      | Found a bloodstained altar of Trog.
  4460 | D:5      | Found a broken altar of Ashenzari.
  5108 | D:6      | Found a staircase to the Ecumenical Temple.
  5178 | D:6      | Reached ** piety under Yredelemnul
  5550 | D:7      | Found a radiant altar of Vehumet.
  5652 | D:7      | Reached XP level 9. HP: 82/82 MP: 8/8
  5718 | D:7      | Noticed Duvessa
  5786 | D:7      | Killed Duvessa
  5926 | D:7      | Killed Dowan
  5976 | D:7      | Your ally Duvessa died
  6051 | D:7      | Killed Pikel
  6449 | D:8      | Noticed a death yak
  6463 | D:8      | Noticed a death yak
  6466 | D:8      | Noticed a death yak
  6627 | D:8      | Killed a death yak
  6628 | D:8      | Reached skill level 10 in Fighting
  6628 | D:8      | Reached XP level 10. HP: 75/93 MP: 9/9
  6819 | D:8      | Killed a death yak
  6846 | D:8      | Found a staircase to the Lair.
  6873 | D:8      | Found a transporter.
  6963 | D:8      | Found a transporter.
  7094 | D:8      | Reached skill level 1 in Axes
  7549 | D:9      | Reached skill level 2 in Axes
  7549 | D:9      | Reached skill level 1 in Invocations
  7601 | D:9      | Found a staircase to the Orcish Mines.
  7722 | D:9      | Identified a scroll of acquirement
  7727 | D:9      | Acquired the amulet of Naoshiul {Reflect rCorr Str+3 SH+5
                  | Stlth+}
  7902 | D:9      | Found an iron altar of Okawaru.
  8226 | D:9      | Reached skill level 3 in Axes
  8799 | D:10     | Entered Level 10 of the Dungeon
  8945 | D:10     | Reached skill level 4 in Axes
  9124 | D:10     | Reached skill level 5 in Axes
  9126 | D:10     | Reached *** piety under Yredelemnul
  9274 | D:10     | Reached XP level 11. HP: 99/102 MP: 13/13
  9303 | D:10     | Reached **** piety under Yredelemnul
  9336 | D:10     | Reached ***** piety under Yredelemnul
  9591 | Lair:1   | Entered Level 1 of the Lair of Beasts
  9740 | Lair:1   | Reached skill level 6 in Axes
  9818 | Lair:1   | Noticed a five-headed hydra
 10385 | D:11     | Noticed a two-headed ogre
 10395 | D:11     | Killed a two-headed ogre
 10396 | D:11     | Reached skill level 1 in Armour
 10396 | D:11     | Reached skill level 5 in Invocations
 10397 | D:11     | Noticed a two-headed ogre
 10403 | D:11     | Killed a two-headed ogre
 10507 | D:11     | Reached skill level 7 in Axes
 10621 | D:11     | Reached skill level 5 in Dodging
 10728 | D:11     | Noticed a boulder beetle
 10738 | D:11     | Killed a boulder beetle
 11109 | Orc:1    | Entered Level 1 of the Orcish Mines
 11109 | Orc:1    | Noticed an orc sorcerer
 11116 | Orc:1    | Killed an orc sorcerer
 11149 | Orc:1    | Noticed an orc sorcerer
 11250 | Orc:1    | Paralysed by an orc sorcerer for 7 turns
 11259 | Orc:1    | Killed an orc sorcerer
 11260 | Orc:1    | Reached skill level 8 in Axes
 11605 | Orc:2    | Entered Level 2 of the Orcish Mines
 11610 | Orc:2    | Found Piol Sun's General Store.
 11610 | Orc:2    | Noticed an ettin
 11820 | D:12     | Noticed a two-headed ogre
 12012 | D:12     | Noticed a two-headed ogre
 12025 | D:12     | Killed a two-headed ogre
 12070 | D:12     | Noticed Rupert
 12071 | D:12     | Paralysed by Rupert for 4 turns
 12091 | D:12     | Killed a two-headed ogre
 12157 | D:12     | Reached skill level 9 in Axes
 12157 | D:12     | Reached XP level 12. HP: 103/112 MP: 15/15
 12542 | D:12     | Reached skill level 5 in Armour
 13110 | Lair:1   | Noticed Harold
 13124 | Lair:1   | Killed Harold
 13125 | Lair:1   | Reached skill level 10 in Axes
 13526 | Lair:1   | Killed a five-headed hydra
 13824 | Lair:2   | Noticed an eight-headed hydra
 14248 | Lair:2   | Noticed a catoblepas
 14256 | Lair:2   | Killed an eight-headed hydra
 14257 | Lair:2   | Reached skill level 11 in Axes
 14272 | Lair:2   | Killed a catoblepas
 14368 | Lair:2   | Found a staircase to the Snake Pit.
 14720 | Lair:2   | Reached XP level 13. HP: 122/122 MP: 17/17
 15299 | Lair:3   | Reached skill level 12 in Axes
 15882 | Lair:3   | Reached ****** piety under Yredelemnul
 15882 | Lair:3   | Reached skill level 13 in Axes
 16794 | Lair:4   | Found a staircase to the Shoals.
 16923 | Lair:4   | Reached skill level 14 in Axes
 18087 | Lair:5   | Reached skill level 15 in Axes
 18355 | Lair:5   | Reached skill level 15 in Fighting
 18355 | Lair:5   | Reached XP level 14. HP: 135/135 MP: 18/18
 18825 | Lair:6   | Entered Level 6 of the Lair of Beasts
 19071 | Lair:6   | Reached skill level 16 in Axes
 19357 | Lair:6   | Identified the +1 rapier of Godghui {elec, rElec rN+}
 19477 | Lair:6   | Reached skill level 17 in Axes
 19915 | Lair:6   | Found a staircase to the Slime Pits.
 19915 | Lair:6   | Found a viscous altar of Jiyva.
 20665 | D:12     | Killed Rupert
 21419 | D:13     | Noticed Snorg
 21426 | D:13     | Killed Snorg
 21618 | D:13     | Learned a level 1 spell: Apportation
 21736 | D:13     | Your ally Snorg died
 22044 | D:14     | Noticed Louise
 22144 | D:14     | Found a gate to the Vaults.
 22804 | D:14     | Reached XP level 15. HP: 145/145 MP: 20/20
 22861 | D:14     | Found Raxzaaz's Firing Range.
 23080 | D:14     | Bought a throwing net for 45 gold pieces
 23390 | Orc:1    | Noticed an orc warlord
 23429 | Orc:1    | Killed an orc warlord
 23597 | Orc:1    | Reached skill level 18 in Axes
 23976 | Orc:2    | Noticed an orc warlord
 23976 | Orc:2    | Found a staircase to the Elven Halls.
 23988 | Orc:1    | Killed an orc warlord
 24298 | Orc:2    | Found Argheo's Antique Armour Boutique.
 24306 | Orc:2    | Found Neschuwukk's Armour Shop.
 24597 | Orc:2    | Found Recoall's Antique Weapon Emporium.
 24605 | Orc:2    | Found Oghait's Jewellery Shop.
 24823 | Orc:2    | Bought a scroll of identify for 30 gold pieces
 24823 | Orc:2    | Bought a potion of heal wounds for 75 gold pieces
 24823 | Orc:2    | Bought a potion of berserk rage for 75 gold pieces
 24909 | Orc:2    | Bought the +0 cloak of Wu Jian's Indignation {rElec} for
                  | 240 gold pieces
 25112 | Orc:2    | Bought the ring "Zogixusa" {Fly rPois rF+ rC- rCorr} for
                  | 627 gold pieces
 25400 | D:15     | Entered Level 15 of the Dungeon
 25405 | D:15     | Noticed Azrael
 25582 | Snake:1  | Entered Level 1 of the Snake Pit
 25745 | Snake:1  | Noticed Aizul
 25756 | Snake:1  | Killed Aizul
 26210 | Snake:1  | Reached skill level 19 in Axes
 26603 | Snake:1  | Reached skill level 10 in Armour
 26788 | Snake:2  | Reached XP level 16. HP: 116/155 MP: 21/21
 26988 | Snake:2  | Noticed Vashnia
 27862 | Shoals:1 | Entered Level 1 of the Shoals
 27928 | Shoals:1 | Reached skill level 20 in Axes
 28394 | Shoals:1 | Noticed Roxanne
 28521 | Shoals:1 | Killed Roxanne
 28640 | Shoals:1 | Noticed a kraken
 28654 | Shoals:1 | Killed a kraken
 29561 | Shoals:2 | Reached skill level 21 in Axes
 30025 | Shoals:2 | Found a glowing golden altar of the Shining One.
 31071 | Shoals:3 | Identified the +6 scale mail "Ittide" {rElec rC- Int+2
                  | Slay+2}
 31461 | Shoals:4 | Entered Level 4 of the Shoals
 31461 | Shoals:4 | Noticed Polyphemus
 31603 | Shoals:4 | Paralysed by a fenstrider witch for 7 turns
 31604 | Shoals:4 | Reached XP level 17. HP: 161/166 MP: 21/23
 33658 | Shoals:4 | Reached skill level 22 in Axes
 34587 | Shoals:4 | Got a barnacled rune of Zot
 34660 | Shoals:4 | Reached skill level 10 in Invocations
 34736 | Shoals:4 | Killed Polyphemus
 34751 | Shoals:4 | HP: 12/252 [merfolk javelineer/javelin (16)]
 34752 | Shoals:4 | HP: 2/252 [merfolk javelineer/javelin (10)]
 34753 | Shoals:4 | Hit by a javelin thrown by a merfolk javelineer

Illustrated notes

Levels and vault maps discovered:
D:1:      mushboom_english_gardens, layout_rooms,
          chequers_serial_rivers_small_a, minmay_pentomino_u4
D:2:      layout_basic, hellmonk_ecumenical_altar_leap_of_faith
D:3:      layout_loops_ring, elyvilon_altar_4
D:4:      layout_rooms, mainiacjoe_overflow_alcove_2, uniq_sigmund
D:5:      layout_loops_ring, minmay_overflow_temple_hex,
          makhleb_altar_promises_db, chequers_serial_rivers_micro_e
D:6:      layout_rooms, temple_green, serial_bayou_pond_a,
          minmay_misc_feat_diagonals, glass_columns_a
D:7:      layout_cave_pools, nicolae_overflow_hidden_temple, grunt_ministairs_3,
          kennysheep_opposing_triangles, uniq_pikel, uniq_duvessa
D:8:      gammafunk_beogh_shrine, layout_loops_corners, dpeg_lair_monsters
D:9:      layout_irregular_city, mainiacjoe_overflow_paths,
          minmay_orc_entry_temple_small
D:10:     layout_roguey, serial_ice, serial_ice_i, serial_ice_a, serial_ice_d,
          serial_ice_g, serial_ice_m, kennysheep_doodads
D:11:     layout_small_grid, grunt_ministairs_15, corexii_checkpoint_a
D:12:     layout_roguey, serial_undead, serial_undead_e, serial_undead_e,
          serial_undead_b, serial_undead_b, feat_on_display, uniq_rupert
D:13:     layout_loops_ring, uniq_snorg
D:14:     layout_loops_ring, david_vaults_2, nicolae_shop_firing_range,
          uniq_louise
D:15:     grunt_enter_depths_hoard, layout_cross, serial_bayou,
          serial_bayou_pond_c, serial_bayou_pond_b, serial_bayou_pond_d,
          serial_bayou_crossing, uniq_josephine, uniq_azrael
Lair:1:   layout_cave_pods, infiniplex_staircase_pool_2, uniq_harold
Lair:2:   layout_cave_pods, dummy_snake_entry, grunt_megastairs_4
Lair:3:   layout_gridlike, st_stairs_9, serial_bayou_shore_b, grunt_megastairs_2
Lair:4:   layout_gridlike, elwin_shoals_entry_rocks,
          nicolae_lair_run_with_the_wolves, serial_bayou_shore_b
Lair:5:   layout_cellular_growth
Lair:6:   gammafunk_lair_ancient_temple, layout_cave_pods, slime_altar_1
Shoals:1: layout_shoals, uniq_roxanne
Shoals:2: layout_shoals, lemuel_oklob_altar
Shoals:3: layout_shoals, nicolae_shoals_land_atoll,
          nicolae_shoals_this_corrosion
Shoals:4: shoals_end_grunt_ice, layout_shoals,
          nicolae_shoals_beach_house_on_fowls_legs, uniq_polyphemus
Snake:1:  layout_rooms, uniq_aizul
Snake:2:  layout_rooms, uniq_jorgrun, uniq_vashnia
Orc:1:    layout_caves
Orc:2:    grunt_orc_gardens, layout_diamond_mine, grunt_orc_garden,
          grunt_orc_garden, grunt_orc_garden, grunt_orc_garden,
          gauntlet_entry_generic, guppyfry_orc_lava_fort

Skill      XL: |  1  2  3  4  5  6  7  8  9 10 11 12 13 14 15 16 17 |
---------------+----------------------------------------------------+-----
Bows           | 5 6 7 8 9 11 13 14 | 14.0
Fighting       | 3 4 5 6 8 10 11 12 13 15 16 17 18 19 | 19.0
Axes           | 5 9 11 15 17 19 21 22 | 22.2
Invocations    | 4 6 7 8 9 10 | 10.1
Dodging        | 4 6 7 8 9 |  9.7
Armour         | 4 6 8 10 12 13 | 13.1
Stealth        | |  0.7

Action                   |  1- 3 |  4- 6 |  7- 9 | 10-12 | 13-15 | 16-18 || total
-------------------------+-------+-------+-------+-------+-------+-------++-------
Melee: Short sword       |     9 |       |       |       |       |       ||     9
       Dagger            |    46 |    33 |    94 |     7 |       |       ||   180
       Headbutt          |     6 |     7 |    27 |    60 |   155 |    84 ||   339
       War axe           |     5 |       |       |   231 |   541 |   126 ||   903
       Punch             |       |       |     3 |     6 |    13 |       ||    22
       Mace              |       |       |       |     6 |       |       ||     6
       Executioner's axe |       |       |       |       |    16 |   155 ||   171
 Fire: Shortbow          |    62 |    37 |   242 |   366 |   226 |   336 ||  1269
Throw: Dart              |       |     1 |     2 |    10 |     6 |     2 ||    21
       Throwing net      |       |       |       |     2 |     7 |     2 ||    11
Invok: Recall Undead Har |       |       |     1 |     1 |     6 |    17 ||    25
       Dark Bargain      |       |       |       |     2 |       |       ||     2
       Bind Soul         |       |       |       |       |     3 |     3 ||     6
       Drain Life        |       |       |       |       |     1 |     3 ||     4
Evoke: Wand              |       |     7 |    31 |     3 |    15 |     7 ||    63
       Box of beasts     |       |       |       |     1 |     3 |     2 ||     6
  Use: Scroll            |       |     8 |     5 |    20 |    16 |    11 ||    60
       Potion            |       |     1 |     2 |     2 |    11 |    14 ||    30
 Stab: Invisible         |       |     3 |     1 |       |       |       ||     4
       Paralysed         |       |       |    16 |       |       |       ||    16
       Held in net/web   |       |       |       |     3 |     2 |     1 ||     6
       Distracted        |       |       |       |     2 |     8 |     9 ||    19
       Sleeping          |       |       |       |       |     2 |       ||     2
Armor: Leather armour    |     4 |       |       |       |       |       ||     4
       Robe              |     8 |     5 |    14 |     8 |       |       ||    35
       Scale mail        |       |       |       |    84 |    91 |       ||   175
       Plate armour      |       |       |       |       |    51 |   158 ||   209
       Skin              |       |       |       |       |       |     2 ||     2
Dodge: Dodged            |    22 |    34 |    36 |   148 |   236 |   123 ||   599
Block: Other             |       |       |       |    59 |    94 |    58 ||   211
       Reflection        |       |       |       |     2 |     3 |     9 ||    14
